 Dungeon Crawl Stone Soup version 0.30-a0-913-g9934a0ce24 (webtiles) character file.

Game seed: 9600786541592288301

24 Newt the Shooter (level 3, -2/24 HPs)
             Began as a Kobold Hunter on Mar 20, 2023.
             Slain by a worm (10 damage)
             ... on level 2 of the Dungeon.
             The game lasted 00:00:30 (1043 turns).

Newt the Shooter (Kobold Hunter)                    Turns: 1043, Time: 00:00:31

Health: -2/24      AC:  3    Str:  8    XL:     3   Next: 15%
Magic:  3/3        EV: 14    Int: 10    God:
Gold:   24         SH:  0    Dex: 20    Spells: 2/2 levels left

rFire   . . .      SeeInvis .    a - +0 shortbow
rCold   . . .      Faith    .    (shield currently unavailable)
rNeg    . . .      Spirit   .    c - +0 leather armour
rPois   .          Reflect  .    (no helmet)
rElec   .          Rampage  .    (no cloak)
rCorr   .                        (no gloves)
Will    .....                    (no boots)
Stlth   +++                      (no amulet)
HPRegen 0.24/turn                (no ring)
MPRegen 0.08/turn                (no ring)

@: no status effects
A: small, no large weapons, nightstalker 3
a: no special abilities


You were on level 2 of the Dungeon.
You visited 1 branch of the dungeon, and saw 2 of its levels.

You collected 24 gold pieces.

Inventory:

Hand Weapons
 a - a +0 shortbow (weapon)
Armour
 c - a +0 leather armour (worn)
Scrolls
 b - a scroll of immolation
 f - a scroll of magic mapping
Potions
 d - a potion of brilliance
 e - a potion of might {unknown}
 g - a potion of cancellation {unknown}
 h - a potion of heal wounds {unknown}


   Skills:
 + Level 3.7 Fighting
 - Level 5.3 Ranged Weapons
 - Level 2.4 Dodging
 - Level 1.3 Stealth


You had 2 spell levels left.
You didn't know any spells.
Your spell library was empty.

Dungeon Overview and Level Annotations

Branches:
Dungeon (2/15)

Altars:


Innate Abilities, Weirdness & Mutations

You are small and have problems with some larger weapons.
You are completely attuned to the shadows.


Message History

You shoot an arrow. The arrow completely misses the adder.
You feel very sick. The adder closely misses you.
A worm comes into view.
The adder misses you.
You shoot an arrow. The arrow barely misses the adder.
You feel sick. The adder bites you.
You shoot an arrow. The arrow barely misses the adder.
The arrow hits the dart slug.
The dart slug is severely wounded.
You feel sick. The adder bites you. The adder closely misses you.
You are too injured to fight recklessly!
You are too injured to fight recklessly!
You are too injured to fight recklessly!
Unknown command.
You are too injured to fight recklessly!
You feel sick.
You shoot an arrow. The arrow barely misses the adder.
The arrow completely misses the dart slug.
You feel sick.
You are no longer poisoned.
The adder bites you.
* * * LOW HITPOINT WARNING * * *
The adder misses you.
You shoot an arrow. The arrow barely misses the adder.
The arrow hits the dart slug.
The dart slug is almost dead.
The adder closely misses you. The adder misses you.
Unknown command.
You shoot an arrow. The arrow hits the adder!
You kill the adder!
You have reached level 3!
Your experience leads to an increase in your attributes!
Increase (S)trength, (I)ntelligence, or (D)exterity?
You feel agile. x2
You shoot an arrow. The arrow barely misses the worm.
The arrow hits the dart slug.
You kill the dart slug!
The worm bites you!
You die...

*,,,,,,,,,,,,,,,,,,,,,,,,,,,,
*,,,,,,,,,<,,,,,,,,,,,,,,,,,,
*,,,,,,,,,,,,,,,,,,,,,,,,,,,,
***,,,,,,,,,,,,,,,,,,,,,,,,,,,
****,,,,,,,,#...,,,,,,,*>>,,,,,,,
,,**,*****,,....,,***.,**,,,,,,,,
,,,,,* **,*...****..,,,,,,**<**
,,,,** *,#.#.###...,,,,,,**,**
,,,,* *,#...@w<...,,,,,,,,,,,
,,,,* **,..#.##....,,,,,,***,,
,,,,* ****,,,.!.,,....,,,,,,**,,,
,,,,* *,,,,,....*,.##.,,,,,,,,,**
,,,** *,,,,,..#.*,.#*,,,,,,,****
,,,** *,,,,,,,*,,,,,,,,,,,,,* *
,,,,* *****,,,,,,,,,,,******* *
,,,,* *****,,*,,,,,*,,***** *
,,,,***,,,,,,*,,,,,*,,,,,,** **


You could see a worm.

Vanquished Creatures
  An adder (D:2)
  A dart slug (D:2)
  2 endoplasms (D:1)
  2 goblins (D:1)
  2 hobgoblins (D:1)
  2 kobolds (D:1)
  2 ball pythons (D:1)
  2 bats (D:1)
  3 rats (D:1)
17 creatures vanquished.

Notes
Turn   | Place    | Note
-------+----------+-------------------------------------------
     0 | D:1      | Newt the Kobold Hunter began the quest for the Orb.
     0 | D:1      | Reached XP level 1. HP: 12/12 MP: 1/1
   398 | D:1      | Reached XP level 2. HP: 18/18 MP: 2/2
  1043 | D:2      | Reached XP level 3. HP: 8/24 MP: 3/3
  1043 | D:2      | Slain by a worm

Illustrated notes

Levels and vault maps discovered:
D:1:      dpeg_arrival_lava_altar, layout_basic
D:2:      layout_rooms, fountainhead, kennysheep_generic_room_14

Skill      XL: |  1  2 |
---------------+-------+-----
Fighting       | 3 |  3.7
Ranged Weapons | |  5.3
Dodging        | |  2.4
Stealth        | |  1.3

Action                     || total
---------------------------++-------
   Fire: Shortbow          ||    39
    Use: Scroll            ||     3
 Armour: Leather armour    ||     1
  Dodge: Dodged            ||    10

Table legend: (Time is in decaauts)
 A = Elapsed time spent in this place.
 B = Non-inter-level travel time spent in this place.
 C = Inter-level travel time spent in this place.
 D = Time resting spent in this place.
 E = Time spent auto-exploring this place.
 F = Levels seen in this place.
 G = Mean time per level.
                   A        B        C        D        E       F      G
               +--------+--------+--------+--------+--------+-----+--------+
         Total |   1053 |   1029 |     24 |     53 |    896 |   2 |  526.5 |
       Dungeon |   1053 |   1029 |     24 |     53 |    896 |   2 |  526.5 |
               +--------+--------+--------+--------+--------+-----+--------+

Top non-repeatable levels by time:
     D:1: 984 daAuts
     D:2: 69 daAuts
